 Dungeon Crawl Stone Soup version 0.29.1-12-g30fa7ad0bf (webtiles) character file.

Game seed: 8595888313174284210

247 Radix the Digger (level 6, -6/33 HPs)
             Began as a Gargoyle Earth Elementalist on Dec 19, 2022.
             Mangled by a wraith (10 damage)
             ... in an ossuary on Dec 20, 2022.
             The game lasted 00:20:38 (3243 turns).

Radix the Digger (Gargoyle Earth Elementalist)      Turns: 3243, Time: 00:20:39

Health: -6/33      AC:  9    Str: 12    XL:     6   Next: 11%
Magic:  10/12      EV: 11    Int: 17    God:
Gold:   1495       SH:  0    Dex: 10    Spells: 9/13 levels left

rFire   . . .      SeeInvis +   j - +3 mace (vamp)
rCold   + . .      Faith    .   (no shield)
rNeg    + . .      Spirit   .   a - +0 robe
rPois   ∞          Reflect  .   (no helmet)
rElec   +          Harm     .   (no cloak)
rCorr   .          Rampage  .   (no gloves)
Will    .....                   r - +2 pair of boots
Stlth   ++........              (no amulet)
HPRegen 0.11/turn               k - ring of see invisible
MPRegen 0.13/turn               h - ring of protection from cold

@: hasted and slowed
A: sickness immunity, AC +4, negative energy resistance 1, electricity
resistance, torment resistance 1, petrification resistance
a: no special abilities


You were in an ossuary.
You visited 1 branch of the dungeon, and saw 4 of its levels.
You also visited: Ossuary.

You collected 1495 gold pieces.

Inventory:

Hand Weapons
 g - a +2 dagger of pain
 j - a +3 vampiric mace (weapon)
 l - a +2 dagger of protection
Armour
 a - a +0 robe (worn)
 d - a +0 leather armour
 r - a +2 pair of boots (worn)
 u - a +2 ring mail of cold resistance
Jewellery
 h - a ring of protection from cold (right hand)
 k - a ring of see invisible (left hand)
Scrolls
 i - 5 scrolls of identify
 o - 3 scrolls of teleportation
 t - a scroll of fog
Potions
 b - a potion of magic
 c - a potion of flight {unknown}
 e - 2 potions of brilliance
 f - a potion of heal wounds {unknown}
 m - a potion of haste
 n - 2 potions of lignification
 q - a potion of attraction {unknown}
 s - a potion of might


   Skills:
 + Level 0.5 Fighting
 + Level 0.4 Maces & Flails
 - Level 1.5 Dodging
 - Level 2.1 Stealth
 + Level 4.1 Spellcasting
 - Level 0.7 Transmutations
 + Level 6.1 Earth Magic


You had 9 spell levels left.
You knew the following spells:

 Your Spells              Type           Power      Damage    Failure   Level
a - Sandblast             Erth           48%        2d12      1%          1
b - Stone Arrow           Conj/Erth      26%        3d8       13%         3

Your spell library contained the following spells:

 Spells                   Type           Power      Damage    Failure   Level
 Passwall                 Tmut/Erth      12%        N/A       6%          2
 Apportation              Tloc           6%         N/A       16%         1
 Necrotise                Necr           12%        1d4       16%         1
 Summon Small Mammal      Summ           12%        N/A       16%         1
 Petrify                  Tmut/Erth      15%        N/A       36%         4
 Tukima's Dance           Hex            3%         N/A       43%         3
 Passage of Golubria      Tloc           3%         N/A       83%         4
 Yara's Violent Unravell  Hex/Tmut       2%         3d3       98%         5


Dungeon Overview and Level Annotations

Branches:
Dungeon (4/15)            Ossuary (1/1)
 Temple: D:4-7

Altars:
Makhleb


Innate Abilities, Weirdness & Mutations

You are immune to sickness and miasma.
Your stone body is resilient. (AC +4)
You are immune to poison.
You resist negative energy. (rN+)
You are resistant to electric shocks. (rElec)
You are resistant to unholy torment.
You are immune to petrification.


Message History

The wraith hits you but does no damage. The wraith hits you.
* * * LOW HITPOINT WARNING * * *
The wraith drains your vigour!
You feel as though you will be slow longer.
Aiming: Sandblast (safe; 1% risk of failure)
Press: ? - help, Q - select action, (/) - cycle Shift-Dir - straight line, f/p - wraith
Aim: a wraith (moderately damaged, 83% to hit)
The blast of sand hits the wraith!
The wraith is severely damaged.
Your transformation is almost over.
The wraith hits you but does no damage. x3
Aiming: Sandblast (safe; 1% risk of failure)
Press: ? - help, Q - select action, (/) - cycle Shift-Dir - straight line, f/p - wraith
Aim: a wraith (heavily damaged, 83% to hit)
The blast of sand misses the wraith.
The wraith hits you but does no damage. The wraith hits you.
* * * LOW HITPOINT WARNING * * *
Aiming: Sandblast (safe; 1% risk of failure)
Press: ? - help, Q - select action, (/) - cycle Shift-Dir - straight line, f/p - wraith
Aim: a wraith (heavily damaged, 83% to hit)
The blast of sand misses the wraith.
The wraith completely misses you. The wraith hits you!
* * * LOW HITPOINT WARNING * * *
The wraith drains your vigour!
You feel as though you will be slow longer.
You feel better.
The wraith hits you but does no damage. x2
You closely miss the wraith.
The wraith is heavily damaged.
The wraith hits you.
* * * LOW HITPOINT WARNING * * *
The wraith drains your vigour!
You feel as though you will be slow longer.
The wraith hits you but does no damage.
Okay, then.
Okay, then.
It was a potion of haste.
You feel yourself speed up.
You feel less wooden.
Your +2 pair of boots unmelds from your body.
Your +0 robe unmelds from your body.
The wraith hits you!
You die...

#.......#####+#####......
#......##... ....##.....
#.....##...#####...##....
#....##...##...##...##...
#....#...##..??.##...#...
#....+...#.?.???.#...'...
#....#...##.?.?.##...#...
#....##...##...##...##...
#.....##@W.##+##...##....
#......##.........##.....
#.......#####+#####......
#.∩.....................∩
#........................
############'''##########
####...#### #..'...'..#
#..#...#..#


You could see a wraith.

Vanquished Creatures
  2 orc priests (D:3)
  2 orc wizards (D:3)
  A mummy (Ossuary)
  3 adders
  A worm (D:2)
  3 dart slugs (D:1)
  9 orcs (D:3)
  5 ball pythons
  3 endoplasms
  3 giant cockroaches
  9 goblins
  7 hobgoblins
  5 kobolds
  3 quokkas
  2 bats (D:2)
  5 frilled lizards
  4 gnoll skeletons (Ossuary)
  10 kobold skeletons (Ossuary)
  11 orc skeletons (Ossuary)
  3 rats
91 creatures vanquished.

Notes
Turn   | Place    | Note
-------+----------+-------------------------------------------
     0 | D:1      | Radix the Gargoyle Earth Elementalist began the quest for
                  | the Orb.
     0 | D:1      | Reached XP level 1. HP: 10/10 MP: 3/3
   131 | D:1      | Found a faded altar of an unknown god.
   171 | D:1      | Reached skill level 4 in Earth Magic
   171 | D:1      | Reached XP level 2. HP: 15/15 MP: 0/5
   823 | D:1      | Reached XP level 3. HP: 19/19 MP: 3/6
  1520 | D:2      | Reached XP level 4. HP: 9/24 MP: 4/8
  1881 | D:2      | Identified a scroll of acquirement
  1881 | D:2      | Acquired 1323 gold pieces
  1975 | D:3      | Reached skill level 5 in Earth Magic
  2089 | D:3      | Found a burning altar of Makhleb.
  2127 | D:3      | Learned a level 3 spell: Stone Arrow
  2281 | D:3      | Reached XP level 5. HP: 26/28 MP: 4/10
  2622 | D:3      | Reached skill level 6 in Earth Magic
  2918 | D:4      | Found a sand-covered staircase.
  2929 | Ossuary  | Entered an ossuary
  2929 | Ossuary  | Noticed a wraith
  2929 | Ossuary  | Noticed a wraith
  2929 | Ossuary  | Noticed a wraith
  2980 | Ossuary  | Reached XP level 6. HP: 32/32 MP: 7/12
  3207 | Ossuary  | Noticed a wraith
  3243 | Ossuary  | Mangled by a wraith

Illustrated notes

Levels and vault maps discovered:
D:1:      minmay_arrival_four_circles, layout_basic,
          hellmonk_ecumenical_altar_run_dry, moated_statue
D:2:      layout_basic, minmay_misc_feat_plants, kennysheep_big_empty_room,
          minmay_pentomino_o4
D:3:      layout_basic, mainiacjoe_overflow_alcove_1,
          chequers_serial_rivers_room_a, minivault_4, hangedman_decor_growths
D:4:      layout_rooms, pf_just_have_faith, cheibriados_altar_1,
          nicolae_ossuary_entry_ruins
Ossuary:  ossuary_due_mausoleum

Skill      XL: |  1  2  3  4  5 |
---------------+----------------+-----
Earth Magic    | 4 5 6 |  6.1
Spellcasting   | 3 4 |  4.1
Fighting       | |  0.5
Maces & Flails | |  0.4
Dodging        | |  1.5
Stealth        | |  2.1
Transmutations | |  0.7

Action                   |  1- 3 |  4- 6 || total
-------------------------+-------+-------++-------
Melee: Unarmed           |     6 |       ||     6
       Dagger            |    13 |     6 ||    19
       Punch             |     1 |       ||     1
       Mace              |       |    18 ||    18
 Cast: Sandblast         |    37 |    82 ||   119
  Use: Scroll            |       |     8 ||     8
       Potion            |       |     5 ||     5
Armor: Robe              |     7 |     1 ||     8
       Leather armour    |     8 |    23 ||    31
       Skin              |       |    17 ||    17
Dodge: Dodged            |    17 |    32 ||    49
